 Dungeon Crawl Stone Soup version 0.31-a0-965-g8a8ce12e04 (console) character file.

Game seed: 1266545789112254457

630 chamandro the Shooter (level 7, -1/56 HPs)
             Began as a Formicid Hunter on Oct 27, 2023.
             Slain by a lemure (8 damage)
             ... led by Pikel
             ... on level 3 of the Dungeon.
             The game lasted 00:10:07 (3020 turns).

chamandro the Shooter (Formicid Hunter)             Turns: 3020, Time: 00:10:08

Health: -1/56      AC:  8    Str: 15    XL:     7   Next: 77%
Magic:  7/7        EV: 12    Int: 14    God:
Gold:   145        SH:  0    Dex: 19    Spells: 6/6 levels left

rFire   + . .        b - +3 club
rCold   . . .        (no shield)
rNeg    . . .        m - +2 ring mail {rF+}
rPois   +            (helmet unavailable)
rElec   .            (no cloak)
rCorr   .            (no gloves)
SInv    +            y - +0 pair of boots
Will    .....        (no amulet)
Stlth   ++           v - ring of the Ladybird {rPois Int+5 Stlth+}
HPRegen 0.29/turn    (no ring)
MPRegen 0.10/turn

%: no passive effects
@: no status effects
A: permanent stasis, dig shafts and tunnels, antennae 3, four strong arms
a: Dig, Shaft Self


You were on level 3 of the Dungeon.
You visited 1 branch of the dungeon, and saw 5 of its levels.

You collected 190 gold pieces.
You spent 45 gold pieces at shops.

Inventory:

Hand Weapons
 a - a +0 shortbow
 b - a +3 club (weapon)
 d - a +0 whip
 D - a +0 trident
Missiles
 t - 2 poisoned darts
Armour
 c - a +0 leather armour
 l - a +0 ring mail
 m - a +2 ring mail of fire resistance (worn)
 q - a +0 kite shield
 y - a +0 pair of boots (worn)
Magical Staves
 o - a staff of conjuration
Jewellery
 h - a ring of wizardry
 v - the ring of the Ladybird (left hand) {rPois Int+5 Stlth+}
   (You found it on level 3 of the Dungeon)

   [ring of poison resistance]

   Int+5:     It affects your intelligence (+5).
   rPois:     It protects you from poison Stlth+: It makes you more stealthy.
 F - a ring of fire
Scrolls
 e - a scroll of torment {unknown}
 g - a scroll of blinking {unknown}
 j - a scroll of butterflies
 p - a scroll of teleportation {unknown}
 r - a scroll of poison {unknown}
 w - a scroll of enchant weapon {unknown}
 x - 3 scrolls of identify {unknown}
 B - a scroll of fog {unknown}
 C - a scroll of amnesia {unknown}
 E - a scroll of revelation {unknown}
Potions
 f - 3 potions of curing {unknown}
 i - 2 potions of mutation {unknown}
 k - a potion of magic {unknown}
 n - a potion of cancellation {unknown}
 s - a potion of heal wounds {unknown}
 u - a potion of lignification {unknown}
 z - a potion of haste {unknown}
 A - a potion of attraction {unknown}


   Skills:
 + Level 5.3 Fighting
 + Level 1.4 Polearms
 + Level 5.9 Ranged Weapons
 + Level 3.5 Armour
 - Level 3.0 Dodging
 - Level 1.2 Stealth


You had 6 spell levels left.
You didn't know any spells.
Your spell library was empty.

Dungeon Overview and Level Annotations

Branches:
Dungeon (5/15)
 Temple: D:4-7

Altars:
Ru

Shops:
D:3 [

Annotations:
D:3 1 runed translucent door, Crazy Yiuf


Innate Abilities, Weirdness & Mutations

You cannot be hasted, slowed, berserked, paralysed or teleported.
You can dig through walls and to a lower floor.
You have a pair of large antennae on your head. (SInv)
Your four strong arms can wield two-handed weapons with a shield.


Message History

There is a stone staircase leading down here.
You hit the lemure but do no damage. The lemure hits you.
* * * LOW HITPOINT WARNING * * *
You hit the lemure.
The lemure is lightly wounded.
The lemure hits you but does no damage. x2
You hit the lemure but do no damage.
The lemure is lightly wounded.
The lemure hits you but does no damage.
You hit the lemure.
The lemure is moderately wounded.
The lemure hits you but does no damage.
You closely miss the lemure.
The lemure is moderately wounded.
The lemure barely misses you.
You hit the lemure.
The lemure is moderately wounded.
The lemure hits you but does no damage. The lemure barely misses you.
You barely miss the lemure.
The lemure is moderately wounded.
The lemure barely misses you.
You closely miss the lemure.
The lemure is moderately wounded.
The lemure hits you but does no damage.
You hit the lemure but do no damage.
The lemure is moderately wounded.
The lemure hits you.
* * * LOW HITPOINT WARNING * * *
The lemure hits you but does no damage.
You closely miss the lemure.
The lemure is moderately wounded.
The lemure hits you.
* * * LOW HITPOINT WARNING * * *
You barely miss the lemure.
The lemure is moderately wounded.
The lemure hits you but does no damage.
You barely miss the lemure.
The lemure is moderately wounded.
The lemure hits you!
You die...

#.##.## #####......###
#..... #.##.# ######.#
#..#.# #.##.#
#.#######..... #.##.#
#.>........... #.##.#
#########.....
#.##.#######
#..........#.#
##.#........#
#####.########.#.#
.#.#..#####.#
#5....########.#.# .#.#..#
#.# #@#####........#.#
......# #.####.#
#.....######.#
.#...######......###.#.#.#
#.#
.......................#.#
#.#
####################.###.#
#.. #.....# ### #######


You could see a lemure.

Vanquished Creatures
  Grinder (D:4)
  An ogre (D:4)
  An orc priest (D:4)
  Jessica (D:2)
  Natasha (thrice) (D:3)
  Terence (D:2)
  2 orc wizards (D:4)
  Robin (D:4)
  4 adders
  2 worms (D:2)
  A dart slug (D:2)
  11 orcs
  6 endoplasms
  2 giant cockroaches (D:1)
  10 hobgoblins
  2 jackals (D:4)
  4 quokkas
  8 ball pythons
  2 bats (D:1)
  2 frilled lizards
  11 goblins
  3 kobolds (D:2)
  3 rats
82 creatures vanquished.

Notes
Turn   | Place    | Note
-------+----------+-------------------------------------------
     0 | D:1      | chamandro the Formicid Hunter began the quest for the Orb.
     0 | D:1      | Reached XP level 1. HP: 16/16 MP: 1/1
   109 | D:1      | Reached XP level 2. HP: 18/23 MP: 2/2
   196 | D:1      | Found a faded altar of an unknown god.
   399 | D:1      | Reached XP level 3. HP: 28/28 MP: 3/3
   716 | D:2      | Noticed Jessica
   718 | D:2      | Killed Jessica
   719 | D:2      | Reached XP level 4. HP: 35/35 MP: 4/4
   802 | D:2      | Noticed Terence
   815 | D:2      | Killed Terence
   830 | D:2      | Reached XP level 5. HP: 31/41 MP: 5/5
  1470 | D:3      | Noticed Natasha
  1481 | D:3      | Killed Natasha
  1540 | D:3      | Noticed Natasha
  1548 | D:3      | Killed Natasha
  1549 | D:3      | Reached skill level 5 in Ranged Weapons
  1549 | D:3      | Reached skill level 1 in Armour
  1763 | D:3      | Identified the ring of the Ladybird {rPois Int+5 Stlth+}
  1854 | D:3      | Noticed Natasha
  1872 | D:3      | Killed Natasha
  1873 | D:3      | Reached XP level 6. HP: 30/48 MP: 6/6
  1972 | D:3      | Found Heru's Armour Boutique.
  1976 | D:3      | Bought a +0 pair of boots for 45 gold pieces
  2138 | D:3      | Found a runed translucent door.
  2139 | D:3      | Noticed Crazy Yiuf
  2187 | D:4      | Noticed Robin
  2190 | D:4      | Noticed Grinder
  2401 | D:4      | Killed Robin
  2432 | D:4      | Killed Grinder
  2433 | D:4      | Reached XP level 7. HP: 35/55 MP: 7/7
  2619 | D:5      | Entered Level 5 of the Dungeon
  2662 | D:4      | Reached skill level 5 in Fighting
  2876 | D:4      | Reached skill level 1 in Polearms
  2930 | D:4      | Found a sacrificial altar of Ru.
  3020 | D:3      | Slain by a lemure

Illustrated notes

Levels and vault maps discovered:
D:1:      dpeg_arrival_line_fractal, layout_basic,
          dreamdust_ecumenical_altar_grove
D:2:      layout_basic, uniq_jessica, uniq_terence
D:3:      layout_loops_ring, serial_shops, shop, uniq_crazy_yiuf_cottage,
          uniq_natasha
D:4:      layout_loops_cross, old_standard_altar, minmay_temple_entry_trees,
          serial_shops, nicolae_shop_overgrown_old_shop, uniq_robin,
          uniq_grinder, uniq_pikel
D:5:      layout_cave_pools, nicolae_elyvilon_temple_path,
          grunt_temple_overflow_diamond, enter_ossuary_3

Skill      XL: |  1  2  3  4  5  6  7 |
---------------+----------------------+-----
Dodging        | 2 3 |  3.0
Fighting       | 3 4 5 |  5.3
Ranged Weapons | 5 |  5.9
Armour         | 1 2 3 |  3.5
Polearms       | 1 |  1.4
Stealth        | |  1.2

Action                     |  1- 3 |  4- 6 |  7- 9 || total
---------------------------+-------+-------+-------++-------
  Melee: Whip              |     6 |       |       ||     6
         Punch             |     1 |     1 |     2 ||     4
         Club              |       |   110 |    18 ||   128
         Trident           |       |       |    71 ||    71
   Fire: Shortbow          |    61 |    78 |     3 ||   142
Ability: Dig               |     1 |       |       ||     1
 Armour: Leather armour    |     9 |     8 |       ||    17
         Ring mail         |       |    90 |    73 ||   163
  Dodge: Dodged            |    28 |   100 |    52 ||   180

Table legend: (Time is in decaauts)
 A = Elapsed time spent in this place.
 B = Non-inter-level travel time spent in this place.
 C = Inter-level travel time spent in this place.
 D = Time resting spent in this place.
 E = Time spent auto-exploring this place.
 F = Levels seen in this place.
 G = Mean time per level.
                   A        B        C        D        E       F      G
               +--------+--------+--------+--------+--------+-----+--------+
         Total |   3102 |   2880 |    222 |    232 |   1839 |   5 |  620.4 |
       Dungeon |   3102 |   2880 |    222 |    232 |   1839 |   5 |  620.4 |
               +--------+--------+--------+--------+--------+-----+--------+

Top non-repeatable levels by time:
     D:3: 1108 daAuts
     D:2: 749 daAuts
     D:4: 634 daAuts
     D:1: 609 daAuts
     D:5: 1 daAuts
